 Dungeon Crawl Stone Soup version 0.32-a0-799-g95e1662365 (webtiles) character file.

Game seed: 621587840259165403

226 Griffin23 the Shield-Bearer (level 5, 0/48 HPs)
             Began as a Minotaur Fighter on Mar 21, 2024.
             Was an Initiate of the Shining One.
             Succumbed to a water moccasin's poison
             ... on level 7 of the Dungeon.
             The game lasted 00:04:51 (2777 turns).

Griffin23 the Shield-Bearer (Minotaur Fighter)      Turns: 2777, Time: 00:04:51

Health: 0/48       AC:  8    Str: 22    XL:     5   Next: 69%
Magic:  4/4        EV:  8    Int:  5    God:    the Shining One [......]
Gold:   274        SH:  4    Dex: 10    Spells: 4/4 levels left

rFire   + . .        a - +0 long sword
rCold   + . .        c - +0 buckler
rNeg    . . .        b - +0 scale mail
rPois   +            (helmet restricted)
rElec   +            n - +0 cloak
rCorr   +            (no gloves)
SInv    .            (no boots)
Will    +....        (no amulet) Stlth
                     i - ring of willpower
HPRegen 0.28/turn    (no ring)
MPRegen 0.09/turn

%: no passive effects
@: lethally poisoned (0 -> -7), resistant, glowing
A: horns 2, retaliatory headbutt
a: Renounce Religion


You were on level 7 of the Dungeon.
You worshipped the Shining One.
The Shining One was noncommittal.
You visited 1 branch of the dungeon, and saw 5 of its levels.

You collected 274 gold pieces.

Inventory:

Hand Weapons
 a - a +0 long sword (weapon)
Missiles
 k - 4 boomerangs (quivered)
Armour
 b - a +0 scale mail (worn)
 c - a +0 buckler (worn)
 n - a +0 cloak (worn)
 o - a +0 pair of boots
Jewellery
 i - a ring of willpower (left hand)
Scrolls
 f - a scroll of enchant weapon
 g - a scroll of fear {unknown}
 h - a scroll of revelation {unknown}
 j - 3 scrolls of identify
 l - a scroll of noise {unknown}
Potions
 d - a potion of might


   Skills:
 + Level 5.0 Fighting
 + Level 4.1 Long Blades
 + Level 4.9 Armour
 + Level 5.0 Shields


You had 4 spell levels left.
You didn't know any spells.
Your spell library contained the following spells:

 Spells                   Type           Power      Damage    Failure   Level
 Ensorcelled Hibernation  Hex/Ice        0%         N/A       94%         2
 Call Canine Familiar     Summ           0%         N/A       99%         3
 Fugue of the Fallen      Necr           0%         N/A       99%         3
 Passwall                 Erth           0%         N/A       99%         3
 Sigil of Binding         Hex            0%         N/A       99%         3
 Volatile Blastmotes      Fire/Tloc      0%         2d10      99%         3
 Anguish                  Hex/Necr       0%         N/A       100%        4
 Dimensional Bullseye     Hex/Tloc       0%         N/A       100%        4
 Bombard                  Conj/Erth      0%         9d1       100%        6


Dungeon Overview and Level Annotations

Branches:
Dungeon (7/15)
 Temple: D:4-7

Altars:
Ashenzari
Gozag
Hepliaklqana
The Shining One


Innate Abilities, Weirdness & Mutations

You have a pair of horns on your head.
You reflexively headbutt those who attack you in melee.


Message History

You headbutt the water moccasin, but do no damage.
You block the water moccasin's attack.
You hit the water moccasin.
The water moccasin is heavily wounded.
You feel very sick. The water moccasin bites you! The water moccasin bites you.
You hit the water moccasin.
The water moccasin is severely wounded.
You feel sick. The water moccasin bites you.
You are lethally poisoned!
The water moccasin poisons you! You block the water moccasin's attack.
You are too injured to fight recklessly!
You are too injured to fight recklessly!
You are too injured to fight recklessly!
You barely miss the water moccasin.
The water moccasin is severely wounded.
* * * LOW HITPOINT WARNING * * *
You feel very sick.
The water moccasin bites you but does no damage.
You closely miss the water moccasin.
The water moccasin is severely wounded.
* * * LOW HITPOINT WARNING * * *
You feel very sick. The water moccasin barely misses you.
The water moccasin bites you.
* * * LOW HITPOINT WARNING * * *
It was a potion of magic.
Magic courses through your body.
* * * LOW HITPOINT WARNING * * *
You feel very sick. The water moccasin closely misses you.
It was a potion of resistance.
You feel protected.
* * * LOW HITPOINT WARNING * * *
You feel very sick. The water moccasin barely misses you.
The water moccasin bites you.
* * * LOW HITPOINT WARNING * * *
Okay, then.
As you read the scroll labelled DIOQESKAFU, it crumbles to dust.
It is a scroll of identify.
f - a scroll of enchant weapon You die...

....##. #. ...... ...
###.... ... ...###.#...
.... .....(.... ....
.........# .....
!#.#.....##.....
....(.S@........ .
..........###.....#
........#..##..... ##.#
........#..##....#......
#.......#...#....##.....
#.........<.............
...........##...........
....##.#..##....##......
...# ####...............


You could see a water moccasin.

Vanquished Creatures
  An iguana (D:4)
  Natasha (D:4)
  2 orc wizards (D:3)
  2 adders
  A gnoll (D:1)
  A ribbon worm (D:3)
  A dart slug (D:2)
  4 orcs
  8 ball pythons
  8 bats
  2 endoplasms (D:2)
  6 giant cockroaches
  11 goblins
  8 hobgoblins
  6 jackals
  3 quokkas
  2 frilled lizards
  6 kobolds
  10 rats
83 creatures vanquished.

Notes
Turn   | Place    | Note
-------+----------+-------------------------------------------
     0 | D:1      | Griffin23 the Minotaur Fighter began the quest for the Orb.
     0 | D:1      | Reached XP level 1. HP: 19/19 MP: 0/0
   124 | D:1      | Reached XP level 2. HP: 26/27 MP: 1/1
   383 | D:1      | Reached XP level 3. HP: 31/33 MP: 2/2
  1024 | D:2      | Found a glowing golden altar of the Shining One.
  1084 | D:2      | Became a worshipper of the Shining One
  1515 | D:2      | Reached XP level 4. HP: 41/41 MP: 3/3
  1649 | D:2      | Found a faded altar of an unknown god.
  1774 | D:3      | Identified the +9 dagger "Sedeuw" {flame, rElec rF++ SInv}
  2037 | D:3      | Reached XP level 5. HP: 32/47 MP: 4/4
  2351 | D:4      | Found an opulent altar of Gozag.
  2423 | D:4      | Found a hazy altar of Hepliaklqana.
  2424 | D:4      | Found a broken altar of Ashenzari.
  2490 | D:4      | Noticed Natasha
  2495 | D:4      | Killed Natasha
  2599 | D:4      | Reached skill level 5 in Fighting
  2599 | D:4      | Reached skill level 5 in Shields
  2724 | D:4      | You fall into a shaft and drop 3 floors!
  2763 | D:7      | Noticed a water moccasin
  2776 | D:7      | HP: 2/48 [water moccasin (2)]
  2777 | D:7      | Succumbed to a water moccasin's poison

Illustrated notes

Levels and vault maps discovered:
D:1:      kilobyte_arrival_exit_the_forest, layout_loops_ring
D:2:      layout_loops_ring, basic_altar, ebering_ecumenical_altar_sacrificial
D:3:      layout_rooms
D:4:      layout_gridville, nicolae_overflow_squiral,
          nicolae_gozag_cash_rules_everything_around_me, uniq_natasha
D:7:      layout_cave_pools, lemuel_round_altar

Skill      XL: |  1  2  3  4  5 |
---------------+----------------+-----
Fighting       | 4 5 |  5.0
Armour         | 4 |  4.9
Shields        | 4 5 |  5.0
Long Blades    | 3 4 |  4.1

Action                     |  1- 3 |  4- 6 || total
---------------------------+-------+-------++-------
  Melee: Long sword        |   117 |    79 ||   196
         Headbutt          |    12 |    14 ||    26
    Use: Potion            |       |     5 ||     5
         Scroll            |       |     1 ||     1
 Armour: Scale mail        |    86 |    72 ||   158
  Dodge: Dodged            |    58 |    37 ||    95
  Block: Buckler           |    29 |    10 ||    39

Table legend: (Time is in decaauts)
 A = Elapsed time spent in this place.
 B = Non-inter-level travel time spent in this place.
 C = Inter-level travel time spent in this place.
 D = Time resting spent in this place.
 E = Time spent auto-exploring this place.
 F = Levels seen in this place.
 G = Mean time per level.
                   A        B        C        D        E       F      G
               +--------+--------+--------+--------+--------+-----+--------+
         Total |   2840 |   2693 |    147 |      0 |   2145 |   5 |  568.0 |
       Dungeon |   2840 |   2693 |    147 |      0 |   2145 |   5 |  568.0 |
               +--------+--------+--------+--------+--------+-----+--------+

Top non-repeatable levels by time:
     D:1: 978 daAuts
     D:2: 831 daAuts
     D:3: 546 daAuts
     D:4: 429 daAuts
     D:7: 54 daAuts
